Cogmind - Beta 16 @@@ ROGUE MODE // 2025.11.09 @ 00:39:25 Player: lepire Result: Destroyed by D-53 Grenadier with Mini Grenade Launcher Performance ------------- Evolutions (0) 0 Regions Visited (4) 800 Robots Destroyed (42) 210 Value Destroyed (897) 897 Prototype IDs (23) 460 Alien Tech Used (0) 0 Bonus (300) 300 TOTAL SCORE: 2667 Bonus ------- Aligned with FarCom 300 Cogmind --------- Core Integrity 0/250 Matter 205/300 Energy 100/100 System Corruption 0% Temperature Cool (8) Movement Core (1400) Ox27 Location -9/Mines Parts ------- > --- POWER (1) -------- (None) > --- PROPULSION (2) --- (None) > --- UTILITY (2) ------ Huge Storage Unit > --- WEAPON (2) ------- Assault Rifle Assault Rifle > --- INVENTORY (25) --- Light Nuclear Core Light Fission Core Light Fission Core Light Treads Light Treads Improved Heat Sink Medium Storage Unit High-capacity Storage Unit Large Matter Pod (150) Structural Scanner Signal Interpreter Modified TNC Particle Charger Hacking Suite High-powered Tractor Beam Sensor Drone Bay Rocket Launcher Datajack Peak State ------------ > --- POWER ------------ Light Angular Momentum Engine > --- PROPULSION ------- Improved Treads Compact Wheel > --- UTILITY ---------- High-capacity Storage Unit Seismic Detector > --- WEAPON ----------- Light Cannon Light Cannon > --- INVENTORY -------- Light Nuclear Core Light Fission Core Light Fission Core Light Treads Light Treads Improved Heat Sink Medium Storage Unit Large Matter Pod Structural Scanner Signal Interpreter Modified TNC Particle Charger Hacking Suite High-powered Tractor Beam Sensor Drone Bay Assault Rifle Assault Rifle Rocket Launcher Datajack [Rating: 17] Favorites ----------- Power Light Angular Momentum Engine Engine Light Angular Momentum Engine Power Core Light Nuclear Core Propulsion Compact Wheel Treads Light Treads Leg Aluminum Leg Wheel Compact Wheel Utility Seismic Detector Device Seismic Detector Storage High-capacity Storage Unit Processor Visual Processing Unit Weapon Light Cannon Ballistic Gun Assault Rifle Ballistic Cannon Light Cannon Launcher Grenade Launcher Build | -11 -10 -10 -10 -9 ------- Run | Yrd Mat Min Exi Min Slots Evolved . | . . . . . Power . | . . . . . Propulsion . | . . . . . Utility . | . . . . . Weapon . | . . . . . Parts Attached 20 | 2 8 7 . 3 Power 3 | . 1 2 . . Engine 1 | . . 1 . . Core 2 | . 1 1 . . Reactor . | . . . . . Propulsion 5 | 2 2 . . 1 Treads 2 | 1 . . . 1 Leg . | . . . . . Wheel 3 | 1 2 . . . Hover . | . . . . . Flight . | . . . . . Utility 5 | . 1 3 . 1 Device 1 | . . 1 . . Storage 3 | . . 2 . 1 Processor 1 | . 1 . . . Hackware . | . . . . . Protection . | . . . . . Artifact . | . . . . . Weapon 7 | . 4 2 . 1 Energy Gun . | . . . . . Energy Cannon . | . . . . . Ballistic Gun 2 | . 1 . . 1 Ballistic Cannon 2 | . 1 1 . . Launcher 3 | . 2 1 . . Special Weapon . | . . . . . Impact Weapon . | . . . . . Slashing Weapon . | . . . . . Piercing Weapon . | . . . . . Special Melee Weapon . | . . . . . Unidentified Prototypes . | . . . . . Parts Lost 7 | . 1 . . 6 Power 1 | . . . . 1 Propulsion 3 | . 1 . . 2 Utility 1 | . . . . 1 Weapon 2 | . . . . 2 Highest Loss Streak 6 | . 1 . . 6 To Critical Strikes . | . . . . . Average Backups 11 | 4 7 11 16 19 Power 1 | 1 1 1 2 3 Propulsion 1 | 2 1 1 1 1 Utility 5 | . 2 5 8 10 Weapon 2 | 1 2 2 3 2 Tool/Special . | . . . . . Unused Backups 20 | . 6 1 . 13 Power 4 | . 1 1 . 2 Propulsion 2 | . 1 . . 1 Utility 10 | . 1 . . 9 Weapon 3 | . 3 . . . Tool/Special 1 | . . . . 1 Average Slot Usage (%) 97 | . 94 100 100 99 Engine 9 | . 7 8 14 13 Core 4 | . 6 5 . . Treads 13 | . 14 14 14 13 Wheel 12 | . 9 14 14 13 Device 8 | . . 13 14 13 Storage 14 | . 14 14 14 14 Processor 5 | . 13 . . . Ballistic Gun 8 | . 14 8 . . Ballistic Cannon 19 | . 13 19 28 27 Peak Build Rating 17 | 6 11 14 15 17 Average Rating 12 | 6 9 12 14 16 On Entrance 10 | 6 6 11 14 15 Avg Prop Armor Cover (%) 9 | 3 9 9 11 11 Naked Turns . | . . . . . Heaviest Build 96 | 11 15 56 56 96 Greatest Support 20 | 20 20 20 16 16 Greatest Overweight (x) 5 | . 1 3 3 5 Average Overweight (x) 1 | . . 2 3 3 Largest Inventory Capacity 25 | 8 8 20 20 25 Average Capacity 14 | 8 8 17 20 21 Most Carried 20 | 6 8 14 17 20 Average Carried 11 | 4 7 11 16 19 Final Capacity 25 | 8 8 20 20 25 Final Carried 18 | 4 8 14 17 18 Class Distribution -------------------- 100% | Mutant Dominant Class ---------------- Mutant | -10/Materials Mutant | -10/Mines Mutant | -10/Exiles Mutant | -9/Mines Resources | -11 -10 -10 -10 -9 ----------- Run | Yrd Mat Min Exi Min Matter Collected 1215 | 220 565 233 . 197 Remotely . | . . . . . Salvage Created 986 | . 659 300 . 27 Parts 68 | . 44 20 . 4 Haulers Intercepted 2 | . 2 . . . Recyclers Shooed 5 | . 5 . . . Parts Field Recycled . | . . . . . Retrieved Matter . | . . . . . Parts Self-Destructed . | . . . . . Prevented . | . . . . . Parts Restored . | . . . . . Kills | -11 -10 -10 -10 -9 ------- Run | Yrd Mat Min Exi Min Combat Hostiles Destroyed 28 | . 16 9 . 3 Guns 6 | . 4 2 . . Cannons 11 | . 7 1 . 3 AOE 11 | . 5 6 . . Classes Destroyed 10 | . 7 1 . 2 Worker 3 | . 3 . . . Tunneler 1 | . . 1 . . Hauler 2 | . 2 . . . Recycler 3 | . 1 2 . . Operator 3 | . 3 . . . Watcher 3 | . 3 . . . Swarmer 10 | . 3 6 . 1 Grunt 16 | . 13 3 . . Demolisher 1 | . . . . 1 Assembled 1 | . . . . 1 Best Kill Streak 6 | . 6 4 . 1 Combat Bots Only 5 | . 5 3 . 1 Max Kills in Single Turn 3 | . 2 3 . 1 Gunslinging . | . . . . . Exploded 3 | . 2 3 . . Melee . | . . . . . Uniques/NPCs Destroyed . | . . . . . Combat | -11 -10 -10 -10 -9 -------- Run | Yrd Mat Min Exi Min Hostile Shots Fired 103 | . 51 24 . 28 Missed 26 | . 15 9 . 2 Hits 77 | . 36 15 . 26 Projectile 77 | . 36 15 . 26 AOE 15 | . . . . 15 Critical Strikes 1 | . . . . 1 Damage Taken 1290 | . 430 178 . 682 Core 258 | . 22 37 . 199 Absorbed by Shields . | . . . . . Regen/Repaired (Parts) 93 | . 93 . . . Core Remaining (%) 100 | 100 . . . . Volleys Fired 96 | . 64 14 . 18 Largest 2 | . 2 2 . 2 Hottest 60 | . 50 50 . 60 Shots Fired 181 | . 123 24 . 34 Gun 74 | . 60 10 . 4 Cannon 98 | . 58 10 . 30 Launcher 9 | . 5 4 . . Special . | . . . . . Kinetic 172 | . 118 20 . 34 Thermal . | . . . . . Explosive 9 | . 5 4 . . Electromagnetic . | . . . . . Robot Hit Streak 11 | . 11 3 . 3 Robot Miss Streak 3 | . 3 2 . 3 Penetration Max . | . . . . . Secondary Targets . | . . . . . Shots Hit Robots 105 | . 78 11 . 16 Core Hits 62 | . 38 17 . 7 Critical Kills 1 | . . 1 . . Critical Parts Destroyed 1 | . 1 . . . Critical Strikes 5 | . 2 2 . 1 Destroy 2 | . 1 1 . . Blast 3 | . 1 1 . 1 Melee Attacks . | . . . . . Impact . | . . . . . Slashing . | . . . . . Piercing . | . . . . . Sneak Attacks . | . . . . . Combat Hostiles . | . . . . . Follow-up Attacks . | . . . . . Damage Inflicted 2411 | . 1618 497 . 296 Guns 680 | . 538 113 . 29 Cannons 1081 | . 707 107 . 267 Explosions 650 | . 373 277 . . Melee . | . . . . . Ramming . | . . . . . Kinetic 1761 | . 1245 220 . 296 Thermal . | . . . . . Explosive 650 | . 373 277 . . Electromagnetic . | . . . . . Impact . | . . . . . Slashing . | . . . . . Piercing . | . . . . . Highest Corruption . | . . . . . Average Corruption . | . . . . . Corruption Purged . | . . . . . Corruption Blocked . | . . . . . Overload Shots . | . . . . . Overflow Damage 39 | . 26 5 . 8 Projectiles 27 | . 19 . . 8 Explosions 12 | . 7 5 . . Melee . | . . . . . Knockbacks 15 | . 10 . . 5 Impact . | . . . . . Kinetic 14 | . 9 . . 5 Secondary 1 | . 1 . . . Self-Inflicted Damage 23 | . . 23 . . Shots 1 | . . 1 . . Rammed . | . . . . . Targets Rammed . | . . . . . Kicked . | . . . . . Crushed . | . . . . . Highest Temperature 50 | . 12 22 . 50 Average Temperature 14 | . 3 15 . 23 Received Heat Transfer 345 | . 225 60 . 60 Siege Activations . | . . . . . Martial Activations . | . . . . . Shielding Activations . | . . . . . Robots Disrupted . | . . . . . Combat Hostiles . | . . . . . Robots Corrupted . | . . . . . Combat Hostiles . | . . . . . Parts Fried . | . . . . . Impact Corruptions . | . . . . . Robots Melted . | . . . . . Combat Hostiles . | . . . . . Parts Melted 1 | . . 1 . . Heat Transferred . | . . . . . Parts Sabotaged . | . . . . . Parts Stolen . | . . . . . Parts Stripped . | . . . . . Power Chain Reactions . | . . . . . Alert | -11 -10 -10 -10 -9 ------- Run | Yrd Mat Min Exi Min Maximum Alert Level . | . . . . . Low Security (%) 100 | 100 100 100 . 100 Level 1 . | . . . . . Level 2 . | . . . . . Level 3 . | . . . . . Level 4 . | . . . . . Level 5 . | . . . . . High Security . | . . . . . Max Security . | . . . . . Peak Influence 153 | . 153 102 . 30 Initial 51 | . . 51 . . Average 39 | . 66 28 . 1 Influence Increases 918 | . 580 270 . 68 Destroy 0b10 Robot/C 540 | . 320 180 . 40 Destroy 0b10 Robot/NC 75 | . 60 15 . . Destroy Leader 120 | . 80 30 . 10 Allied During Kill 3 | . . . . 3 Trap Triggered on 0b10 20 | . 20 . . . Successful Hack 25 | . 25 . . . Select Force Hacks 30 | . 30 . . . Disable Machine 30 | . . 15 . 15 Destroy Structure 60 | . 30 30 . . Lose Combat Pursuer 15 | . 15 . . . Influence Decreases 918 | . 448 402 . 68 Entered New Map 81 | . . 81 . . Time Decay 797 | . 438 321 . 38 Lost Part 40 | . 10 . . 30 Squads Dispatched 5 | . 4 1 . . Investigation 3 | . 2 1 . . Extermination . | . . . . . Reinforcement 2 | . 2 . . . Assault . | . . . . . Garrison . | . . . . . Intercept . | . . . . . Searches Triggered . | . . . . . Construction Impeded . | . . . . . Haulers Reinforced . | . . . . . Active Scanning Responses . | . . . . . Cargo Convoy Interrupts . | . . . . . Stealth | -11 -10 -10 -10 -9 --------- Run | Yrd Mat Min Exi Min Distress Signals 2 | . 2 . . . Communications Jammed . | . . . . . Distress Signals . | . . . . . Times Spotted 53 | . 31 9 . 13 Peak Tracking Total 7 | . 5 3 . 7 Tactical Retreats 2 | . 1 . . 1 Traps | -11 -10 -10 -10 -9 ------- Run | Yrd Mat Min Exi Min Traps Triggered . | . . . . . Indirectly . | . . . . . Trap Hack Attempts . | . . . . . Triggered . | . . . . . Disarmed . | . . . . . Reprogrammed 6 | . 6 . . . Reused 2 | . 2 . . . Traps Extracted . | . . . . . Installed . | . . . . . Triggered 2 | . 2 . . . Machines | -11 -10 -10 -10 -9 ---------- Run | Yrd Mat Min Exi Min Machines Disabled 2 | . . 1 . 1 Max in Single Turn 1 | . . 1 . 1 Machines Repaired . | . . . . . Machines Dismantled . | . . . . . Machines Sabotaged . | . . . . . Overloaded Fab Kills . | . . . . . Hacking | -11 -10 -10 -10 -9 --------- Run | Yrd Mat Min Exi Min Machines Accessed 14 | . 10 2 2 . Terminals 7 | . 7 . . . Fabricators . | . . . . . Repair Stations 1 | . 1 . . . Recycling Units 2 | . 2 . . . Scanalyzers . | . . . . . Garrison Access . | . . . . . Total Hacks 37 | . 30 2 5 . Successful 24 | . 17 2 5 . Failed 12 | . 12 . . . Catastrophic 1 | . 1 . . . Database Lockouts 1 | . 1 . . . Manual 18 | . 17 . 1 . Terminals 23 | . 23 . . . Fabricators . | . . . . . Repair Stations 3 | . 3 . . . Recycling Units 4 | . 4 . . . Scanalyzers . | . . . . . Garrison Access . | . . . . . Terminal Hacks 16 | . 9 2 5 . Record 4 | . . . 4 . Robot Analysis 3 | . 3 . . . Open Door 2 | . . 2 . . Emergency Access Points 1 | . 1 . . . Locate Traps 3 | . 3 . . . Reprogram Traps 1 | . 1 . . . Zone Layout 1 | . 1 . . . Proto ID Catalog 1 | . . . 1 . Fabricator Hacks . | . . . . . Repair Station Hacks 2 | . 2 . . . Scan Component 1 | . 1 . . . Repair 1 | . 1 . . . Recycling Unit Hacks 2 | . 2 . . . Report Inventory 2 | . 2 . . . Scanalyzer . | . . . . . Garrison Access Hacks . | . . . . . Unauthorized Hacks 4 | . 4 . . . Terminals 3 | . 3 . . . Botnet 3 | . 3 . . . Fabricators . | . . . . . Repair Stations . | . . . . . Recycling Units 1 | . 1 . . . Tunnel 1 | . 1 . . . Scanalyzers . | . . . . . Garrison Access . | . . . . . Data Cores Recovered . | . . . . . Used . | . . . . . Hacking Detections 9 | . 9 . . . Full Trace Events 1 | . 1 . . . Feedback Events . | . . . . . Feedback Blocked . | . . . . . Robot Schematics Acquired . | . . . . . Robots Built . | . . . . . Authchips . | . . . . . Time . | . . . . . Total Robot Build Rating . | . . . . . Part Schematics Acquired . | . . . . . Parts Built . | . . . . . Authchips . | . . . . . Time . | . . . . . Total Part Build Rating . | . . . . . Part Studies Acquired . | . . . . . Parts Repaired 1 | . 1 . . . Time 26 | . 26 . . . Parts Recycled . | . . . . . Recycled Matter . | . . . . . Retrieved Matter . | . . . . . Retrieved Components . | . . . . . Parts Scanalyzed . | . . . . . Part Schematics Acquired . | . . . . . Parts Damaged . | . . . . . Bothacking | -11 -10 -10 -10 -9 ------------ Run | Yrd Mat Min Exi Min Used RIF Installer . | . . . . . Robots Hacked . | . . . . . Non-combat . | . . . . . Combat . | . . . . . Robot Hacks Applied . | . . . . . Relay Couplers Released . | . . . . . Fabnet Peak Effective % . | . . . . . Robots Rewired . | . . . . . Allies Hacked . | . . . . . Hacks Repelled . | . . . . . Allies | -11 -10 -10 -10 -9 -------- Run | Yrd Mat Min Exi Min Total Allies 3 | . . 3 . . Largest Group 3 | . . 3 3 3 Highest-Rated Group 40 | . . 40 40 40 Highest-Rated Ally 16 | . . 16 16 16 Total Orders 2 | . . . 1 1 GUARD 2 | . . . 1 1 Ally Attacks 4 | . . . . 4 Total Damage 21 | . . . . 21 Kills . | . . . . . Allies Corrupted . | . . . . . Allies Melted . | . . . . . Intel | -11 -10 -10 -10 -9 ------- Run | Yrd Mat Min Exi Min Active Infowar (turns) 4294 | . 1707 1196 446 945 Optics 1731 | . 1707 24 . . Seismic 2563 | . . 1172 446 945 Robot Analysis Total 3 | . 3 . . . Derelict Logs Recovered 2 | . . 1 . 1 Drone Launches . | . . . . . Drone Recoveries . | . . . . . Exploration | -11 -10 -10 -10 -9 ------------- Run | Yrd Mat Min Exi Min Turns Passed 4450 | 27 1828 1196 446 953 Spaces Moved 2606 | 15 1122 682 256 531 Core . | . . . . . Treads 549 | 15 444 90 . . Legs . | . . . . . Wheels 2057 | . 678 592 256 531 Hover . | . . . . . Flight . | . . . . . Fastest Speed 95 | 160 95 100 145 145 Average Speed 140 | 160 123 155 145 153 Slowest Speed 240 | 160 160 240 145 175 Overloaded Moves . | . . . . . Propulsion Burnouts . | . . . . . Robots Hopped . | . . . . . Potential Cave-ins . | . . . . . Cave-ins Triggered . | . . . . . Exploration Rate (%) 69 | 2 95 99 62 90 Regions Visited 4 Branch Regions 3 Pre-discovered Areas 3 | . 1 1 1 . Known Exits Taken . | . . . . . Unknown Exits Taken 4 | 1 1 1 1 . Scrap Searched 4 | . . 2 . 2 Spaces Dug . | . . . . . Terrain Destroyed 72 | . 26 45 . 1 Melee . | . . . . . Projectile 1 | . . . . 1 AOE 71 | . 26 45 . . Terrain Rammed . | . . . . . Walls Destroyed . | . . . . . Machines Disabled . | . . . . . Actions | -11 -10 -10 -10 -9 --------- Run | Yrd Mat Min Exi Min Total 3221 | 18 1447 794 331 631 Wait 462 | . 237 75 73 77 Move 2602 | 14 1121 681 255 531 Hop . | . . . . . Pick Up 19 | . 8 7 3 1 Fast Attach 3 | . 3 . . . Attach 2 | . . . . 2 Detach . | . . . . . Swap 24 | 2 8 12 . 2 Drop 13 | 2 6 5 . . Fire 96 | . 64 14 . 18 Melee . | . . . . . Ram . | . . . . . Kick . | . . . . . Crush . | . . . . . Escape Stasis . | . . . . . Rewire . | . . . . . Trap . | . . . . . Miscellaneous . | . . . . . Route ------- -11/Scrapyard -10/Materials (discovered 4 exits: [*Mat x3] / *Min) -10/Mines (discovered 4 exits: [*Mat x2] / *Exi / [*Sub]) -10/Exiles -9/Mines (discovered 2 exits: [*Mat x2]) History --------- Turn | Location | Event 6 | -11/Scrapyard | Discovered new exit (range 3) 28 | -11/Scrapyard | Entered Materials 303 | -10/Materials | Build established: Mutant 680 | -10/Materials | Discovered new exit (range 14) 834 | -10/Materials | Central database locked down 865 | -10/Materials | Discovered new exit (range 8) 1306 | -10/Materials | Repaired Lgt. Cannon 1447 | -10/Materials | Discovered new exit (range 8) 1655 | -10/Materials | Discovered new exit (range 9) 1856 | -10/Materials | Entered Mines 1856 | -10/Mines | Discovered new exit (range 7) 2209 | -10/Mines | Met a Derelict shopkeep closing up shop 2359 | -10/Mines | Discovered new exit (range 12) 2369 | -10/Mines | Learned Materials terminal intel 2381 | -10/Mines | Deemed a non-threat by the Exiles lab entrance 2382 | -10/Mines | Discovered new exit (range 5) 2428 | -10/Mines | Learned location of Storage (-8) 2505 | -10/Mines | Received a Rocket Launcher from a helpful Derelict 2656 | -10/Mines | Found the Drone Emporium 2667 | -10/Mines | Found Prototype Device 2713 | -10/Mines | Discovered new exit (range 6) 2848 | -10/Mines | Assisted by bots powering up and referring to "LRC-V3" 3052 | -10/Mines | Entered Exiles 3052 | -10/Exiles | Accompanied by 3 allies 3091 | -10/Exiles | Met 8R-AWN 3114 | -10/Exiles | Met EX-HEX 3172 | -10/Exiles | Met EX-DEC 3179 | -10/Exiles | Learned location of Zion (-6) 3205 | -10/Exiles | Met EX-BIN 3227 | -10/Exiles | Aligned with FarCom system 3228 | -10/Exiles | Given EX-Vault access code 3262 | -10/Exiles | Opened EX-Vault 3273 | -10/Exiles | Found Modified TNC 3303 | -10/Exiles | Warned to stay clear of 0b10 Research branches 3322 | -10/Exiles | Exiles lab attacked by MAIN.C 3487 | -10/Exiles | Discovered new exit (range 10) 3498 | -10/Exiles | Left Exiles lab with Modified TNC 3498 | -10/Exiles | Entered Mines 3498 | -9/Mines | Accompanied by 3 allies 3509 | -9/Mines | Met a Derelict bent on vengeance 4009 | -9/Mines | Discovered new exit (range 12) 4055 | -9/Mines | Discovered new exit (range 9) 4058 | -9/Mines | Learned Materials emergency access door positions 4370 | -9/Mines | Found a hidden stash of uninstalled traps 4371 | -9/Mines | Assembled infested the area 4437 | -9/Mines | Core integrity fell below 50% 4447 | -9/Mines | Lost 4 allies 4448 | -9/Mines | Core integrity fell below 20% 4451 | -9/Mines | Destroyed by D-53 Grenadier with Mini Grenade Launcher Last Messages --------------- 04423_ The unstable cave ceiling collapses. 04427_ as-80069 knocked back. 04427_ Destroyed Asb. F-torch. 04429_ as-80069 destroyed. 04430_ as-58338 destroyed. 04430_ D-53 Grenadier knocked back. 04435_ Com. Wheel destroyed. 04436_ D-53 Grenadier Lgt. Deuterium Engine blasted off. 04437_ The unstable cave ceiling collapses. 04439_ Lgt. Cannon destroyed. 04441_ D-53 Grenadier destroyed. 04443_ Lgt. Cannon destroyed. 04443_ Imp. Treads destroyed. 04443_ Seismic Detector destroyed. 04444_ The unstable cave ceiling collapses. 04445_ Lgt. Angular Momentum Engine destroyed. 04446_ The unstable cave ceiling collapses. 04447_ 4 Matter crushed. 04448_ The unstable cave ceiling collapses. Map ----- +----------------------------------------------------+ | | | | | | | | | | | | | | | | | ?????????????????????????????????????????????? | | ?????????????????????????????????????????????? | | ?????????????????????????????????????????????? | | ?????????????????????????????????????????????? | | ?????????????????????????????????????????????? | | ?????????????????????????????????????????????? | | ?????????????????????????????????????????????? | | #??????????????????????????????????? ????????? | | ?????????????????????????????????? ???????? | | ##??????????????????????????????? ???????? | | ######?###????????????????????? ??????? | | ### ??????????????##????a ???????? | | ## #?????????##### ###? #????????? | | ## ########### #a #?????????? | | ## # aa #?????????? | | ???????????? | | t a #??????????????? | | ### & * @ #??????????????? | | #????# &% =%*d #??????????????? | | ##?????## % #] #??????????????? | | ##???????# % ##??????????????? | | ##????????## ##???????????????? | | ############ # # #######????????????????? | | #??#?###???????####????????????? | | % #?????????????## ####?????????? | | ######### #?????????????# ##????????? | | ###???????# #?????######### ##???????? | | # #?????????# #?????# < #???????? | | # #?????????# #?????# #???????? | | # ######????# #?????# ##### # #???????? | | # #????# #####?# #???####!## ##???????? | | ##### #????# #?# #??????#|#?###????????? | | ????# #????##### #?# #??????#%#????????????? | | ????# #????????# ### ######## ###??????????? | | ???## ##???????# ## ## ###????????? | | ??## #######?# * """" # ##???????? | | ?## ### = """ # #???????? | | ?# ##### """" ## #???????? | | ?# #???# ## ##???????? | | ?# ##???# < ### ##????????? | | ?## ##???# #?### #?????????? | | ?## ##??# #???# #?????????? | +----------------------------------------------------+ Best States ------------- Heat Dissipation 25 Energy Generation 18 Energy Capacity 160 Matter Stores 300 Matter Capacity 300 Sight Range 18 Terrain Scan Density 10 Evasion (%) 41 Recoil Reduction 1 Item Schematics ----------------- None Robot Schematics ------------------ None Fabricated ------------ Nothing Repaired ---------- Lgt. Cannon | 22% | -10/Materials Studied --------- None Alien Tech Used ----------------- None Achievements -------------- None Challenges ------------ None Game ------ Seed ReflectiveTractorCleaver Manual? 0 Play Time 00:33:00 Cumulative 93.5 hours Start 2025.11.09 @ 00:04:52 End 2025.11.09 @ 00:39:25 Sessions 1 Manual Loads 0 Difficulty Rogue Special Mode None Game No. 107 Rogue 77 Adventurer 30 Explorer 0 Win Type - Total 1 Types 1/0/0/0/0/0/0/0/0/0 Lore% 50 Gallery% 42 Achievement% 31 Wizard Run 0 Options --------- Layout 2 ASCII 0 Keyboard 1 Movement Arrows Keybinds 0 Fullscreen 1 Font 24/Terminus Map View 50x44 Zoom Use 0% Tactical HUD 1 Map Filters NONE Filters NONE Steam 1 RUN: a6ed57d1-e568-45c9-b558-eef8f39c81af